 Dungeon Crawl Stone Soup version 0.17-a0-776-gd86b262 (webtiles) character file.

370 tesudzi the Sneak (level 6, 0/43 HPs)
             Began as an Octopode Assassin on Apr 24, 2015.
             Killed from afar by Blork the orc (13 damage)
             ... with a puff of flame
             ... on level 4 of the Dungeon.
             The game lasted 00:13:01 (4211 turns).

tesudzi the Sneak (Octopode Assassin)               Turns: 4211, Time: 00:13:01

Health: 0/43       AC:  4    Str: 10    XL:     6   Next: 70%
Magic:  15/15      EV: 15    Int: 13    God:
Gold:   254        SH:  0    Dex: 16    Spells: 0 memorised, 5 levels left

rFire  x . .     SeeInvis .     b - +0 blowgun
rCold  + . .     Clarity  .     (no shield)
rNeg   . . .     SustAb   .     p - +1 hat
rPois  .         Gourm    .     (no amulet)
rElec  .         Spirit   .     r - ring of magical power
rCorr  .         Warding  .     y - ring of ice
rMut   .         Stasis   .     (no ring)
MR     .....                    (no ring)
Stlth  ++++......               (no ring)
                                (no ring)
                                (no ring)
                                (no ring)

@: not resistant to hostile enchantments, stealthy
A: almost no armour, amphibious, 8 rings, constrict 8, yellow scales 1,
camouflage 1, gelatinous body 1
a: no special abilities


You were on level 4 of the Dungeon.
You were not hungry.

You visited 1 branch of the dungeon, and saw 4 of its levels.

You collected 254 gold pieces.

Inventory:

Hand weapons
 a - a +2 dagger
 b - a +0 blowgun (weapon)
 c - a +2 vampiric trident
 l - a +0 short sword
 u - a +0 blowgun
Missiles
 d - 2 curare-tipped needles
 j - 91 arrows
 o - 16 poisoned needles (quivered)
Armour
 p - a +1 hat (worn)
Jewellery
 r - a ring of magical power (left tentacle)
 y - a ring of ice (right tentacle)
Scrolls
 i - a scroll of amnesia {unknown}
 k - 2 scrolls of blinking {unknown}
 n - a scroll of immolation
 q - a scroll of remove curse
 t - 2 scrolls of recharging {unknown}
 v - a scroll of teleportation {unknown}
 x - a scroll of magic mapping {unknown}
Potions
 h - a potion of brilliance
 m - a potion of resistance
 s - 2 potions of curing
 w - a potion of ambrosia
 z - a potion of agility
 A - a potion of restore abilities {unknown}
 B - a potion of might
Comestibles
 e - 3 bread rations
 f - a meat ration


   Skills:
 + Level 4.0 Fighting
 - Level 1.5 Short Blades
 - Level 2.0 Throwing
 - Level 5.1 Dodging
 + Level 5.5 Stealth


You had 5 spell levels left.
You didn't know any spells.

Dungeon Overview and Level Annotations

Branches:
Dungeon (4/15)
 Temple: D:4-7

Altars:
Gozag

Annotations:
D:4 Blork the orc


Innate Abilities, Weirdness & Mutations

You cannot wear most types of armour.
You are amphibious.
You can wear up to eight rings at the same time.
You can use your tentacles to constrict eight enemies at once.
Your skin changes colour to match your surroundings (Stealth).
Your rubbery body absorbs attacks (AC +1).
You are partially covered in yellow scales (AC +2).


Message History

You shoot a poisoned needle.
The poisoned needle hits the orc priest!
The orc priest is poisoned.
Firing (i - inventory. (,) - cycle):
o - 18 poisoned needles (quivered)
Press: ? - help, Shift-Dir - straight line, f/p - orc priest
Aim: an orc priest, wielding a war axe and wearing a leather armour (lightly wounded, poisoned)
You shoot a poisoned needle.
The poisoned needle barely misses the orc priest.
Firing (i - inventory. (,) - cycle):
o - 17 poisoned needles (quivered)
Press: ? - help, Shift-Dir - straight line, f/p - orc priest
Aim: an orc priest, wielding a war axe and wearing a leather armour (lightly wounded, poisoned)
You shoot a poisoned needle.
The poisoned needle hits the orc priest!
The orc priest looks even sicker.
The orc priest is lightly wounded.
The orc priest calls down the wrath of Beogh upon you.
Pain shoots through your body!
A puff of flame appears from out of thin air!
The puff of flame hits you! The fire burns you terribly!
You die...

#..>..........##......#[#......##
#.............#.....###.###...##
..............#.#..## #.....###
.......####.##....### #.###.#
##..#...# #...).....# #..##.#
...##...###.........# #..##.#
...##<..............###..##.#
....#...#.........####....#.#
..).....#.......@####..##.#.#
).......#..###...###..## .#.#
..........#.....o....## .#.
........#.#.##.#.....# ..
...)......#.##.###(### ..
........###.##. #so.#
............## #..g(....>..#
)#.##.....####.............
.#.##.....####.......<.....


You could see an orc priest, an orc, a giant cockroach and a hobgoblin
(wandering).

Vanquished Creatures
  An ogre (D:4)
  An orc priest (D:1)
  4 orc wizards
  A worker ant (D:4)
  2 adders (D:2)
  4 worms (D:2)
  2 giant geckos
  14 orcs
  3 bats
  A bat skeleton (D:4)
  2 giant cockroaches
  8 hobgoblins
  5 jackals
  11 kobolds
  5 giant newts
  11 goblins
  10 rats
85 creatures vanquished.

Notes
Turn   | Place    | Note
--------------------------------------------------------------
     0 | D:1      | tesudzi, the Octopode Assassin, began the quest for the Orb.
     0 | D:1      | Reached XP level 1. HP: 14/14 MP: 1/1
    59 | D:1      | Reached skill level 1 in Short Blades
   138 | D:1      | Reached XP level 2. HP: 4/19 MP: 2/2
  1085 | D:1      | Reached XP level 3. HP: 24/24 MP: 3/3
  1245 | D:1      | Reached XP level 4. HP: 28/30 MP: 4/4
  1772 | D:1      | Reached XP level 5. HP: 36/36 MP: 5/5
  2863 | D:3      | Gained mutation: You are partially covered in yellow scales (AC +2). [potion of beneficial mutation]
  3482 | D:4      | Reached XP level 6. HP: 36/42 MP: 6/6
  3528 | D:4      | Noticed an ogre
  3588 | D:4      | Killed an ogre
  3588 | D:4      | Reached skill level 5 in Dodging
  4098 | D:4      | Found an opulent altar of Gozag.
  4198 | D:4      | Noticed Blork the orc
  4211 | D:4      | Killed from afar by Blork the orc

Action                   |  1- 3 |  4- 6 || total
-------------------------+-------+-------++-------
Melee: Dagger            |    54 |   111 ||   165
 Fire: Blowgun           |     6 |    39 ||    45
  Use: Scroll            |       |     8 ||     8
       Potion            |       |     2 ||     2
 Stab: Sleeping          |     6 |     7 ||    13
       Distracted        |       |     2 ||     2
  Eat: Chunk             |       |    10 ||    10
